Map: Deathaura LE

Players

prospeKt - Winner!

  • Race: Zerg Zerg
  • League: Platinum
  • Spawn Location: 11:00

EpicSchinken

  • Race: Zerg Zerg
  • League: Platinum
  • Spawn Location: 5:00

VOD

Have the link to the VOD?

Description

Time

  • Played on: June 10, 2020, 10:18 a.m.
  • Length: 17:28
Show
View Real Time Build Order
Export as new Build Order

prospeKt Zerg - Winner!

Build Orders: Hatch First, Lurkers, Roach Hydra 

Get SALT Encoding   

  12  0:00  Drone  
  13  0:12  Overlord  
  13  0:18  Drone  
  14  0:33  Drone x2  
  14  0:35  Drone  
  17  0:55  Drone  
  17  0:56  Hatchery  
  17  1:01  Drone  
  18  1:15  Spawning Pool  
  18  1:16  Drone  
  18  1:19  Drone  
  19  1:28  Drone  
  19  1:32  Extractor  
  19  1:43  Drone  
  20  1:51  Drone  
  21  2:00  Drone  
  22  2:08  Overlord  
  22  2:09  Queen  
  22  2:10  Queen  
  26  2:15  Drone  
  26  2:21  Drone  
  28  2:29  Drone  
  29  2:32  Drone  
  29  2:34  Overlord  
  30  2:41  Zergling x2  
  30  2:43  Zergling x2  
  32  2:45  Queen  
  32  2:46  Lair  
  34  2:56  Drone  
  34  2:57  Drone  
  36  3:09  Overlord, Drone  
  37  3:29  Drone x7  
  37  3:31  Overlord  
  44  3:39  Roach Warren  
  43  3:42  Drone  
  43  3:45  Evolution Chamber  
  43  4:07  Drone x9  
  52  4:15  Zerg Missile Weapons Level 1  
  52  4:16  Overlord  
  52  4:18  Glial Reconstitution  
  52  4:22  Overlord  
  51  4:31  Extractor  
  51  4:32  Hatchery  
  51  4:33  Extractor  
  51  4:36  Roach  
  51  4:37  Roach x2  
  54  4:42  Roach x3  
  60  4:54  Roach  
  62  5:06  Roach x3  
  68  5:07  Overlord x2  
  68  5:18  Roach  
  66  5:21  Roach  
  66  5:22  Roach  
  66  5:27  Queen  
  72  5:28  Roach x4  
  72  5:34  Roach  
  75  5:42  Hydralisk Den  
  74  5:44  Evolution Chamber, Drone x2  
  74  5:48  Extractor  
  74  5:49  Drone x6  
  80  5:56  Overseer  
  80  6:01  Drone  
  80  6:02  Drone x2  
  80  6:03  Overlord  
  83  6:17  Overlord x2  
  83  6:20  Grooved Spines  
  83  6:25  Drone x7  
  90  6:29  Extractor  
  90  6:30  Extractor  
  90  6:32  Spine Crawler  
  87  6:33  Spine Crawler  
  87  6:36  Spore Crawler  
  85  6:46  Drone x9  
  85  6:47  Drone x2  
  96  6:49  Hydralisk  
  98  6:55  Hatchery  
  97  7:03  Drone x3  
  100  7:16  Hydralisk x3  
  100  7:21  Zerg Missile Weapons Level 2  
  100  7:22  Infestation Pit  
  105  7:27  Zerg Ground Armor Level 1  
  105  7:28  Overlord x2  
  105  7:31  Overlord, Muscular Augments  
  105  7:32  Drone  
  106  7:50  Drone x6  
  106  7:51  Drone x3  
  115  8:00  Hive  
  115  8:04  Lurker Den  
  114  8:07  Hydralisk x4  
  114  8:08  Hydralisk  
  114  8:09  Hydralisk  
  114  8:11  Queen  
  128  8:14  Overlord  
  128  8:19  Spore Crawler  
  127  8:22  Spine Crawler  
  127  8:23  Spine Crawler, Drone  
  127  8:24  Drone x3  
  129  8:27  Extractor  
  129  8:28  Extractor  
  129  8:31  Hatchery  
  129  8:33  Hydralisk x2  
  129  8:34  Hydralisk, Spore Crawler  
  128  8:35  Hydralisk  
  128  8:36  Hydralisk x4  
  128  8:38  Drone x3  
  144  8:44  Overseer  
  144  8:47  Overlord x2  
  144  8:48  Overlord  
  144  9:08  Hydralisk x2  
  144  9:09  Hydralisk x7  
  162  9:11  Overlord x4  
  162  9:19  Adaptive Talons  
  162  9:31  Spore Crawler  
  162  9:34  Spine Crawler, Hydralisk x7  
  162  9:35  Hydralisk  
  162  9:37  Drone x7  
  183  9:44  Lurker  
  183  9:45  Lurker  
  181  9:48  Hydralisk  
  181  9:50  Drone x4  
  165  9:57  Spine Crawler  
  146  10:00  Spine Crawler  
  146  10:02  Spine Crawler  
  134  10:07  Hydralisk  
  134  10:08  Hydralisk x6  
  148  10:16  Seismic Spines  
  148  10:17  Drone  
  149  10:33  Hatchery  
  149  10:34  Hydralisk x8  
  164  10:38  Overseer  
  164  10:47  Drone x2  
  164  10:48  Drone x3  
  169  10:55  Zerg Missile Weapons Level 3  
  169  11:06  Hydralisk x7  
  169  11:07  Hydralisk  
  185  11:15  Extractor  
  184  11:22  Extractor  
  167  11:26  Hydralisk x7  
  169  11:38  Hydralisk x3  
  169  11:39  Hydralisk x2  
  171  11:44  Lurker  
  172  11:53  Drone  
  172  11:54  Drone x4  
  177  12:03  Hydralisk x6  
  177  12:04  Hydralisk x2  
  177  12:08  Lurker  
  194  12:12  Drone x3  
  197  12:19  Zerg Ground Armor Level 2  
  197  12:41  Hydralisk  
  197  12:42  Hatchery  
  198  12:54  Spine Crawler  
  198  12:55  Spine Crawler  
  198  12:56  Spine Crawler x2  
  194  13:04  Hatchery  
  123  13:20  Hydralisk x9  
  123  13:21  Hydralisk x21  
  173  13:38  Lurker x6  
  173  13:40  Lurker  
  180  13:47  Lurker  
  182  14:03  Lurker x5  
  186  14:23  Hydralisk x6  
  186  14:24  Hydralisk  
  138  15:33  Hydralisk  
  138  15:34  Hydralisk x22  
  184  15:50  Hatchery  
  183  16:01  Lurker  
  183  16:02  Lurker x4  
  187  16:07  Lurker x4  
  187  16:08  Lurker x2  
  187  16:10  Hydralisk x2  
  197  16:12  Drone  
  198  16:25  Hatchery  
  198  16:32  Hydralisk  
  197  16:33  Drone  
Show
View Real Time Build Order
Export as new Build Order

EpicSchinken Zerg 

Build Orders: Hatch First 

Get SALT Encoding   

  12  0:01  Drone  
  13  0:12  Overlord  
  13  0:24  Drone  
  14  0:31  Drone x2  
  14  0:35  Drone  
  17  0:54  Hatchery  
  16  1:08  Spawning Pool  
  16  1:10  Drone  
  16  1:13  Extractor  
  16  1:15  Drone  
  16  1:19  Drone  
  16  1:22  Drone  
  18  1:35  Drone  
  19  1:42  Overlord  
  19  1:54  Queen  
  19  1:56  Zergling x2  
  22  2:05  Queen  
  22  2:07  Drone x2  
  26  2:18  Drone  
  26  2:19  Drone  
  28  2:25  Roach Warren  
  27  2:30  Queen  
  27  2:34  Drone  
  27  2:35  Drone  
  31  2:49  Queen  
  32  3:07  Drone x4  
  32  3:09  Overlord x3  
  36  3:19  Overlord  
  36  3:31  Hatchery  
  35  3:55  Roach x3  
  41  3:56  Roach x7  
  41  4:01  Drone  
  41  4:02  Drone  
  57  4:07  Drone x2  
  59  4:33  Lair  
  59  4:46  Extractor  
  58  4:58  Drone x8  
  66  5:00  Overlord x4  
  52  5:45  Glial Reconstitution  
  52  5:51  Evolution Chamber  
  52  5:52  Drone  
  52  5:53  Evolution Chamber, Drone x12  
  63  6:02  Drone x3  
  63  6:03  Drone  
  67  6:09  Hatchery  
  66  6:11  Hatchery  
  66  6:13  Extractor x2  
  66  6:17  Extractor  
  62  6:18  Extractor  
  62  6:22  Zerg Missile Weapons Level 1  
  61  6:42  Drone  
  61  6:43  Drone x5  
  67  7:11  Zerg Ground Armor Level 1  
  67  7:14  Drone  
  67  7:15  Drone x2  
  70  7:16  Drone x5  
  70  7:18  Drone  
  76  7:26  Drone x3  
  76  7:27  Queen  
  76  7:29  Queen  
  83  7:35  Roach  
  83  7:36  Roach x9  
  103  7:57  Roach  
  103  7:58  Roach x2  
  109  7:59  Overlord  
  109  8:00  Overlord x6  
  109  8:01  Overlord  
  109  8:21  Roach  
  109  8:22  Roach x10  
  131  8:36  Roach  
  131  8:37  Roach x8  
  131  8:40  Overseer  
  149  8:45  Burrow  
  149  8:46  Zerg Missile Weapons Level 2  
  149  8:49  Overlord x2  
  149  8:50  Overlord x3  
  149  8:52  Roach  
  149  8:53  Roach x3  
  159  9:02  Roach  
  159  9:03  Roach x7  
  159  9:06  Overlord x2  
  159  9:09  Roach x5  
  183  9:10  Zerg Ground Armor Level 2  
  183  9:20  Roach  
  183  9:21  Roach x3  
  191  9:34  Roach x4  
  149  9:55  Roach x8  
  149  9:56  Roach x7  
  137  10:16  Roach x6  
  137  10:17  Roach  
  151  10:26  Roach x15  
  151  10:31  Roach  
  151  10:32  Roach x8  
  169  11:05  Roach x9  
  169  11:06  Roach x6  
  199  11:22  Hatchery  
  100  11:47  Overseer  
  100  11:48  Overlord  
  100  11:49  Overlord  
  100  11:57  Hydralisk Den, Infestation Pit  
  98  12:10  Roach x10  
  98  12:11  Roach x8  
  134  12:18  Roach x9  
  134  12:19  Roach x8  
  134  12:22  Ravager x8  
  178  12:23  Ravager x4  
  178  12:27  Drone x5  
  185  12:45  Ravager x4  
  185  12:46  Ravager x7  
  196  12:57  Hive  
  159  13:20  Overseer  
  159  13:37  Drone x3  
  159  13:41  Extractor  
  161  13:42  Extractor  
  160  13:53  Hydralisk  
  160  13:54  Hydralisk x7, Roach x3  
  160  13:55  Hydralisk x2, Roach x6  
  196  13:56  Roach  
  200  14:03  Extractor x2  
  198  14:21  Zerg Missile Weapons Level 3  
  198  14:22  Zerg Ground Armor Level 3  
  198  14:26  Ravager x2  
  99  15:02  Hydralisk x6, Roach  
  99  15:03  Hydralisk, Roach x7  
  99  15:04  Roach  
  135  15:09  Zergling x2  
  135  15:10  Zergling x52  
  123  15:27  Spine Crawler x2  
  106  15:29  Roach  
  106  15:30  Roach x3  
  109  15:47  Roach x8  
  112  16:11  Hydralisk x4, Roach  
  104  16:12  Roach x4  
  120  16:27  Drone x3  
  120  16:28  Drone  
  120  16:29  Drone x2  
  120  16:30  Drone x2  
  128  16:39  Hydralisk x6, Roach  
  140  16:40  Hydralisk x6, Roach x7  
  140  16:41  Roach x4  
  166  16:57  Overseer  
  166  17:00  Ravager x3  
  166  17:01  Ravager  
  166  17:03  Ravager  
Tags
 
Add a new tag
Caveats
  • Supply blocks, unpowered buildings, or Contaminate may cause inaccurate times.
  • Supply counts are checked every 10 seconds.